Map: Cerulean Fall LE

Players

Везунчик - Winner!

  • Race: Zerg Zerg
  • League: Gold
  • Spawn Location: 1:00

Yocto

  • Race: Zerg Zerg
  • Spawn Location: 7:00

VOD

Have the link to the VOD?

Description

Time

  • Played on: Dec. 19, 2018, 10:08 a.m.
  • Length: 6:04
Show
View Real Time Build Order
Export as new Build Order

Везунчик Zerg - Winner!

Build Orders: Pool First 

Get SALT Encoding   

  12  0:01  Drone  
  13  0:09  Drone  
  14  0:21  Overlord  
  14  0:34  Spawning Pool  
  13  0:45  Drone  
  13  0:46  Drone  
  15  1:00  Drone  
  16  1:13  Drone  
  16  1:16  Hatchery  
  16  1:18  Extractor, Drone  
  16  1:30  Zergling x2  
  16  1:31  Zergling x2  
  18  1:39  Queen  
  20  1:52  Zergling x4  
  22  2:04  Overlord  
  22  2:17  Roach Warren  
  22  2:19  Overlord  
  21  2:28  Drone  
  21  2:29  Queen  
  24  2:34  Drone  
  25  2:39  Drone  
  25  2:41  Drone  
  27  2:50  Zergling x2  
  27  2:51  Zergling x2  
  29  2:59  Drone  
  29  3:05  Roach  
  32  3:06  Roach  
  34  3:15  Roach  
  34  3:16  Roach  
  34  3:18  Roach  
  40  3:31  Roach, Zergling x2  
  40  3:34  Overlord  
  43  3:41  Extractor  
  42  3:45  Extractor, Drone x2  
  43  3:53  Roach  
  47  3:55  Roach  
  47  3:58  Drone  
  48  4:05  Roach  
  50  4:11  Drone x2  
  52  4:19  Overlord  
  52  4:32  Overlord  
  52  4:38  Overlord, Drone  
  53  4:44  Roach  
  54  5:05  Roach x3  
  54  5:06  Roach, Zergling x2  
  58  5:15  Roach x2  
  55  5:28  Drone x4  
  59  5:37  Zergling x4  
Show
View Real Time Build Order
Export as new Build Order

Yocto Zerg 

Build Orders: Hatch First 

Get SALT Encoding   

  12  0:02  Drone  
  13  0:23  Overlord  
  13  0:24  Drone  
  14  0:42  Drone  
  15  0:43  Drone  
  15  0:45  Drone  
  17  1:02  Hatchery  
  16  1:10  Drone  
  16  1:11  Drone  
  18  1:13  Extractor  
  17  1:24  Spawning Pool  
  16  1:25  Drone  
  16  1:29  Drone  
  18  1:39  Drone  
  19  1:53  Drone  
  20  2:15  Zergling x6  
  23  2:16  Queen  
  23  2:18  Queen  
  27  2:30  Drone  
  27  2:34  Overlord  
  28  2:40  Metabolic Boost  
  28  2:45  Overlord  
  28  2:55  Baneling Nest  
  28  2:58  Queen  
  27  3:02  Extractor  
  27  3:03  Drone  
  29  3:08  Drone x3  
  32  3:19  Drone x3  
  35  3:26  Lair  
  35  3:29  Drone x2  
  37  3:49  Drone x7  
  44  3:57  Baneling  
  44  4:03  Overlord x2  
  43  4:11  Extractor  
  43  4:13  Extractor  
  43  4:15  Drone x2  
  43  4:24  Evolution Chamber  
  43  4:28  Evolution Chamber, Drone x4  
  45  4:35  Spine Crawler  
  45  4:37  Spine Crawler  
  43  4:41  Evolution Chamber  
  42  4:46  Spine Crawler  
  42  4:50  Zergling x12  
  42  4:51  Spine Crawler  
  46  4:56  Baneling x3  
  46  4:59  Zergling x6  
  43  5:15  Zergling x8  
  43  5:18  Queen  
  44  5:21  Spine Crawler  
  44  5:23  Spine Crawler  
  44  5:26  Spine Crawler  
  44  5:27  Zergling x2  
  38  5:38  Spire  
Tags
 
League
Gold
Matchup
ZvZ
Race
Zerg
Replay Pack
Yocto
Spawn Locations
Cross Positions
Add a new tag
Caveats
  • Supply blocks, unpowered buildings, or Contaminate may cause inaccurate times.
  • Supply counts are checked every 10 seconds.